 Dungeon Crawl Stone Soup version 0.26-a0-800-g517d6fe721 (webtiles) character file.

Game seed: 1927327496468288555

1043 Froggeryz the Martial Artist (level 8, 0/64 HPs)
             Began as a Naga Transmuter on Nov 11, 2020.
             Was a Follower of Cheibriados.
             Slain by a wight
             ... wielding a +0 great sword
              (3 damage)
             ... on level 5 of the Dungeon.
             The game lasted 00:10:45 (6481 turns).

Froggeryz the Martial Artist (Naga Transmuter)      Turns: 6481, Time: 00:10:46

Health: 0/64       AC:  2    Str: 15 (16) XL:     8   Next: 25%
Magic:  9/11       EV: 17    Int: 16 (17) God:    Cheibriados [*.....]
Gold:   180        SH:  5    Dex: 20 (21) Spells: 7/11 levels left

rFire    . . .     SeeInvis +     - Unarmed
rCold    . . .     Faith    .   (shield currently unavailable)
rNeg     . . .     Spirit   .   (armour currently unavailable)
rPois    x         Reflect  +   (helmet currently unavailable)
rElec    .         Harm     .   (cloak currently unavailable)
rCorr    .         Rampage  .   (gloves currently unavailable)
MR       +....                  (no barding)
Stlth    ++........             j - amulet of reflection
HPRegen  0.20/turn              (no ring)
MPRegen  0.12/turn              (no ring)

@: spider-form (expiring), heavily drained, very slow
A: tiny, see invisible, spit poison 1, AC +2
a: Spit Poison, End Transformation, Bend Time, Renounce Religion


You were on level 5 of the Dungeon.
You worshipped Cheibriados.
Cheibriados was aware of your devotion.
You were a venomous arachnid creature.
You visited 2 branches of the dungeon, and saw 7 of its levels.

You collected 228 gold pieces.
You spent 48 gold pieces at shops.

Inventory:

Missiles
 m - 2 javelins (quivered)
Armour
 a - a +0 robe (melded)
 c - a +1 helmet (melded)
 u - a +0 pair of gloves (melded)
Jewellery
 j - an amulet of reflection (around neck)
Wands
 d - a wand of flame (23)
 t - a wand of iceblast (14)
Scrolls
 e - a scroll of remove curse
 g - 2 scrolls of amnesia
 p - 2 scrolls of enchant weapon
Potions
 b - a potion of invisibility
 i - a potion of cancellation
 k - 3 potions of lignification
 n - 2 potions of magic
 o - 2 potions of might
 r - a potion of flight
 s - 2 potions of curing


   Skills:
 - Level 1.0(0.0) Fighting
 - Level 1.5(0.2) Dodging
 * Level 8.3(6.6) Unarmed Combat
 - Level 2.0(0.6) Spellcasting
 + Level 5.6(4.1) Transmutations


You had 7 spell levels left.
You knew the following spells:

 Your Spells              Type           Power        Failure   Level
a - Beastly Appendage     Tmut           ##....       13%         1
b - Spider Form           Tmut/Pois      #.........   52%         3

Your spell library contained the following spells:

 Spells                   Type           Power        Failure   Level
 Wereblood                Tmut           ##......     19%         2
 Animate Skeleton         Necr           #.....       45%         1
 Apportation              Tloc           #.....       45%         1
 Corona                   Hex            #......      45%         1
 Summon Small Mammal      Summ           #...         45%         1
 Ice Form                 Ice/Tmut       #.......     87%         4
 Blade Hands              Tmut           ##........   90%         5


Dungeon Overview and Level Annotations

Branches:
Dungeon (6/15)             Temple (1/1) D:4

Altars:
Ashenzari
Cheibriados
Dithmenos
Fedhas
Gozag
Hepliaklqana
Kikubaaqudgha
Nemelex Xobeh
Okawaru
Ru
Sif Muna
Trog
Vehumet
Wu Jian
Xom
Yredelemnul
Zin
The Shining One

Shops:
D:4 =   D:5 *


Innate Abilities, Weirdness & Mutations

You cannot wear boots.
((Your serpentine skin is tough. (AC +2)))
You have supernaturally acute eyesight. (SInv)
((Armour fits poorly on your strangely shaped body.))
((Your system is resistant to poisons. (rPois)))
((You cover ground very slowly.))
You can spit poison.


Message History

You bite the wight!
The wight is severely damaged.
The wight hits you with a +3 dagger!
* * * LOW HITPOINT WARNING * * *
You feel drained.
* * * LOW HITPOINT WARNING * * *
The wight closely misses you. You block the wight's attack.
The wight closely misses you. The gnoll completely misses you.
Okay, then.
Okay, then.
It was a potion of degeneration.
There was something very wrong with that liquid.
You feel weakened.
You feel dopey.
You feel clumsy. The wight hits you with a +3 dagger.
* * * LOW HITPOINT WARNING * * *
You feel drained.
The wight hits you with a +0 great sword.
* * * LOW HITPOINT WARNING * * *
The wight hits you with a +0 great sword.
You die...

......#.........#
......##...##...#
......####'##...#
............[...#
................#
..........[.....#
...........##'####
......##...#...zz#
......##...#...zs#
...........#...zg#
#.#.#.#.#..#.....#
...........'.....#
#.#.#.#.#..#.....#
..........##.....#
#.#.#.#.#.##.....#
..........########
#.#.#.#.###


You could see 4 wights and a gnoll.

Vanquished Creatures
  Pikel (D:5)
  An ogre (D:4)
  A lemure (D:4)
  A scorpion (D:4)
  A bullfrog skeleton (D:4)
  2 orc priests
  An orc wizard (D:4)
  A centaur skeleton (D:5)
  Jessica (D:3)
  2 worker ants
  4 gnolls
  A howler monkey skeleton (D:5)
  10 adders
  A white imp (D:4)
  An ooze (D:5)
  A worm (D:2)
  3 dart slugs (D:3)
  3 leopard geckos (D:1)
  4 orcs
  2 giant cockroaches (D:5)
  6 goblins
  8 hobgoblins
  10 jackals
  4 ball pythons
  10 bats
  4 frilled lizards
  A jackal skeleton (D:5)
  5 kobolds
  A quokka skeleton (D:5)
  11 rats
102 creatures vanquished.

Notes
Turn   | Place    | Note
-------+----------+-------------------------------------------
     0 | D:1      | Froggeryz the Naga Transmuter began the quest for the Orb.
     0 | D:1      | Reached XP level 1. HP: 18/18 MP: 3/3
   177 | D:1      | Reached XP level 2. HP: 6/25 MP: 5/5
   923 | D:1      | Reached XP level 3. HP: 31/31 MP: 4/6
  1127 | D:2      | Reached skill level 4 in Unarmed Combat
  1435 | D:2      | Reached XP level 4. HP: 30/38 MP: 5/7
  2265 | D:3      | Reached XP level 5. HP: 33/44 MP: 5/8
  2406 | D:3      | Noticed Jessica
  2414 | D:3      | Killed Jessica
  2414 | D:3      | Reached skill level 5 in Unarmed Combat
  2936 | D:3      | Found a bloodstained altar of Trog.
  3139 | D:4      | Noticed an ogre
  3145 | D:4      | Killed an ogre
  3145 | D:4      | Reached XP level 6. HP: 18/51 MP: 7/9
  3380 | D:4      | Found a staircase to the Ecumenical Temple.
  3407 | Temple   | Entered the Ecumenical Temple
  3694 | Temple   | Became a worshipper of Cheibriados the Contemplative
  3747 | D:4      | Found Nuosch's Jewellery Boutique.
  3792 | D:4      | Reached skill level 6 in Unarmed Combat
  4438 | D:5      | Entered Level 5 of the Dungeon
  4558 | D:5      | Reached * piety under Cheibriados
  4757 | D:5      | Noticed Pikel
  5155 | D:5      | Reached XP level 7. HP: 44/57 MP: 10/10
  5840 | D:5      | Reached skill level 7 in Unarmed Combat
  5958 | D:5      | Found Zoofas's General Store.
  5963 | D:5      | Bought a scroll of identify for 24 gold pieces
  5964 | D:5      | Bought a scroll of identify for 24 gold pieces
  5995 | D:5      | Killed Pikel
  5995 | D:5      | Reached skill level 8 in Unarmed Combat
  5995 | D:5      | Reached skill level 5 in Transmutations
  5995 | D:5      | Reached XP level 8. HP: 44/64 MP: 11/11
  6467 | D:5      | Learned a level 3 spell: Spider Form
  6481 | D:5      | HP: 3/64 [wight/+0 great sword (6)]
  6481 | D:5      | Slain by a wight

Illustrated notes

Levels and vault maps discovered:
D:1:      saegor_arrival_simple_b, layout_rooms, minivault_24
D:2:      layout_rooms, chequers_serial_rivers_micro_e
D:3:      layout_loops_ring, trog_hazing_becter, uniq_jessica
D:4:      layout_loops_ring, minmay_temple_entry_ruins, serial_shops, shop,
          kennysheep_generic_room_15
D:5:      layout_gridville, serial_shops, shop, portal_sewer_entry_b,
          st_stairs_10, uniq_pikel
D:6:      layout_cave_pools, serial_gnoll_camp, gnoll_camp_mini_shop,
          gnoll_camp_mini_loothouse, gnoll_camp_mini_doghouse,
          gnoll_camp_mini_hut, grunt_ministairs_5, abandoned_shop,
          lightli_corner_chamber, uniq_eustachio
Temple:   eino_narrow_crystal_temple

Skill      XL: |  1  2  3  4  5  6  7 |
---------------+----------------------+-----
Unarmed Combat | 4 5 6 8 |  8.3
Transmutations | 3 4 5 |  5.6
Fighting       | |  1.0
Dodging        | |  1.5
Spellcasting   | |  2.0

Action                   |  1- 3 |  4- 6 |  7- 9 || total
-------------------------+-------+-------+-------++-------
Melee: Unarmed           |    81 |   167 |    46 ||   294
       Headbutt          |     2 |     9 |     2 ||    13
       Punch             |       |     6 |     2 ||     8
Throw: Javelin           |       |     5 |       ||     5
 Cast: Beastly Appendage |     6 |    11 |     5 ||    22
       Spider Form       |       |       |     1 ||     1
 Abil: Spit Poison       |    20 |    29 |    13 ||    62
  Use: Scroll            |       |     9 |     7 ||    16
       Potion            |       |     1 |     2 ||     3
 Stab: Sleeping          |       |     1 |       ||     1
Armor: Robe              |    15 |    32 |    10 ||    57
       Skin              |       |     2 |     2 ||     4
Dodge: Dodged            |    43 |    81 |    66 ||   190
Block: Other             |     5 |    56 |    25 ||    86
       Reflection        |       |     3 |       ||     3

Table legend: (Time is in decaauts)
 A = Elapsed time spent in this place.
 B = Non-inter-level travel time spent in this place.
 C = Inter-level travel time spent in this place.
 D = Time resting spent in this place.
 E = Time spent auto-exploring this place.
 F = Levels seen in this place.
 G = Mean time per level.
                   A        B        C        D        E       F      G
               +--------+--------+--------+--------+--------+-----+--------+
         Total |   7968 |   7665 |    303 |   1635 |   4905 |   7 | 1138.3 |
       Dungeon |   7563 |   7316 |    247 |   1635 |   4571 |   6 | 1260.5 |
        Temple |    405 |    350 |     55 |      0 |    333 |   1 |  405.0 |
               +--------+--------+--------+--------+--------+-----+--------+

Top non-repeatable levels by time:
     D:4: 2287 daAuts
     D:5: 1638 daAuts
     D:3: 1505 daAuts
     D:1: 1177 daAuts
     D:2: 948 daAuts
  Temple: 405 daAuts
     D:6: 6 daAuts
